 Dungeon Crawl Stone Soup version 0.30-a0-122-g2a1322497e (webtiles) character file.

Game seed: 656828624256624435

93 scionoferis the Chopper (level 5, -3/46 HPs)
             Began as a Meteoran Berserker on Sept 15, 2022.
             Was a Believer of Trog.
             Slain by an iguana (14 damage)
             ... on level 4 of the Dungeon.
             The game lasted 00:07:07 (992 turns).

scionoferis the Chopper (Meteoran Berserker)         Turns: 992, Time: 00:07:07

Health: -3/46      AC:  3    Str: 20    XL:     5   Next: 15%
Magic:  6/6        EV: 12    Int:  9    God:    Trog [**....]
Gold:   22         SH:  0    Dex: 13    Spells: 4/4 levels left

rFire   . . .      SeeInvis .    l - +1 dagger (venom)
rCold   . . .      Faith    .    (no shield)
rNeg    . . .      Spirit   .    b - +0 animal skin
rPois   .          Reflect  .    (no helmet)
rElec   .          Harm     .    (no cloak)
rCorr   .          Rampage  .    c - +0 pair of gloves
Will    .....                    (no boots)
Stlth   +.........               h - amulet of regeneration
HPRegen 0.95/turn                (no ring)
MPRegen 0.10/turn                (no ring)

@: glowing
A: sense surroundings 1, otherworldly, glowing, explore regen
a: Renounce Religion, Berserk, Trog's Hand


You were on level 4 of the Dungeon.
You worshipped Trog.
Trog was pleased with you.
You visited 1 branch of the dungeon, and saw 4 of its levels.

You collected 46 gold pieces.
You spent 24 gold pieces at shops.

Inventory:

Hand Weapons
 a - a +0 hand axe
 f - a +0 sling
 l - a +1 dagger of venom (weapon)
Missiles
 o - 6 javelins (quivered)
 p - 3 poisoned darts
 r - 3 boomerangs of dispersal
Armour
 b - a +0 animal skin (worn)
 c - a +0 pair of gloves (worn)
Jewellery
 h - an amulet of regeneration (around neck)
Scrolls
 g - a scroll of blinking
 j - 2 scrolls of identify
 m - 4 scrolls of immolation {unknown}
 n - a scroll of brand weapon {unknown}
 s - a scroll of poison {unknown}
Potions
 d - a potion of curing {unknown}
 e - 2 potions of mutation {unknown}
 i - a potion of haste {unknown}
 k - a potion of heal wounds {unknown}
 q - a potion of lignification {unknown}


   Skills:
 + Level 4.2 Fighting
 * Level 5.6 Axes
 - Level 2.4 Armour
 - Level 2.4 Dodging


You had 4 spell levels left.
You didn't know any spells.
Your spell library was empty.

Dungeon Overview and Level Annotations

Branches:
Dungeon (4/15) Zot: 1393
 Temple: D:4-7

Altars:

Shops:
D:1 ?::


Innate Abilities, Weirdness & Mutations

You passively map a small area around you.
You are easily found by Zot.
You glow in the dark.
You regain HP and MP as you explore.


Message History

You kill the worm!
Trog accepts your kill.
There is a stone staircase leading down here.
You climb downwards.
The goblin shouts!
Found a glowing helmet and 3 scrolls labelled LIUKIC BOURO.
There is a stone staircase leading up here.
You see here 3 scrolls labelled LIUKIC BOURO.
m - 4 scrolls labelled LIUKIC BOURO (gained 3)
There is a stone staircase leading up here.
You hit the goblin.
You kill the goblin!
Trog accepts your kill.
An iguana comes into view.
The iguana hisses angrily.
Things that are here:
a +0 dagger; a goblin corpse You completely miss the iguana.
The iguana bites you!
You barely miss the iguana. The iguana bites you!
You hit the iguana.
The iguana is poisoned.
The iguana is lightly wounded.
The iguana barely misses you.
You hit the iguana but do no damage.
The iguana looks even sicker.
The iguana is moderately wounded.
The iguana bites you!
You closely miss the iguana.
The iguana is moderately wounded.
The iguana barely misses you.
You barely miss the iguana.
The iguana is moderately wounded.
The iguana bites you.
You barely miss the iguana.
The iguana is moderately wounded.
The iguana bites you!
* * * LOW HITPOINT WARNING * * *
You hit the iguana.
The iguana looks as sick as possible!
The iguana is heavily wounded.
An endoplasm comes into view.
The iguana bites you!
You die...

, * , , , , , ,
* , , ,* , , ,
, J ,, ,, , *
#.##^ * , , ,
#....######+###
** *
*#..........#*
*
#[.l@)<....+,,
, #..........#*
#..............
, *
#...........###
****
########+##.#
,, ,# * * * *


You could see an iguana (extremely poisoned) and an endoplasm (wandering).

Vanquished Creatures
  Jessica (D:2)
  3 worms
  A dart slug (D:1)
  6 bats
  4 endoplasms (D:1)
  2 giant cockroaches (D:1)
  4 goblins
  7 hobgoblins
  3 jackals (D:1)
  3 quokkas
  5 ball pythons
  6 frilled lizards
  6 kobolds
  3 rats
54 creatures vanquished.

Vanquished Creatures (others)
  3 fungi (D:3)
3 creatures vanquished.

Grand Total: 57 creatures vanquished

Notes
Turn   | Place    | Note
-------+----------+-------------------------------------------
     0 | D:1      | scionoferis the Meteoran Berserker began the quest for the
                  | Orb.
     0 | D:1      | Reached XP level 1. HP: 19/19 MP: 2/2
    77 | D:1      | Reached XP level 2. HP: 17/26 MP: 3/3
    78 | D:1      | Reached skill level 4 in Axes
   177 | D:1      | Found Vusof's Book Emporium.
   242 | D:1      | Reached XP level 3. HP: 31/31 MP: 4/4
   276 | D:1      | Found Ridwopa's Magic Scroll Emporium.
   303 | D:1      | Bought a scroll of identify for 24 gold pieces
   442 | D:1      | Reached ** piety under Trog
   499 | D:1      | Found Uguak's Book Shop.
   537 | D:1      | Reached XP level 4. HP: 40/40 MP: 5/5
   565 | D:2      | Reached skill level 5 in Axes
   638 | D:2      | Noticed Jessica
   656 | D:2      | Killed Jessica
   713 | D:2      | Reached XP level 5. HP: 41/46 MP: 6/6
   992 | D:4      | Slain by an iguana

Illustrated notes

Levels and vault maps discovered:
D:1:      evilmike_arrival_crescent, layout_basic, serial_shops,
          nicolae_shop_advertising_works [nicolae_subvault_shop_adworks], shop,
          shop, hangedman_decor_push
D:2:      layout_basic, chequers_serial_rivers_small_b, uniq_jessica
D:3:      layout_basic, shapermc_ecumenical_altar_petra, uniq_pargi
D:4:      layout_basic, minmay_misc_feat_columns, uniq_sigmund, uniq_duvessa,
          uniq_pikel

Skill      XL: |  1  2  3  4 |
---------------+-------------+-----
Axes           | 4 5 |  5.6
Fighting       | 4 |  4.2
Armour         | |  2.4
Dodging        | |  2.4

Action                   |  1- 3 |  4- 6 || total
-------------------------+-------+-------++-------
Melee: Hand axe          |    82 |    21 ||   103
       Punch             |     1 |     1 ||     2
       Dagger            |       |    48 ||    48
Throw: Dart              |       |     3 ||     3
       Javelin           |       |     1 ||     1
  Use: Scroll            |     2 |       ||     2
Armor: Animal skin       |    31 |    15 ||    46
Dodge: Dodged            |    42 |    28 ||    70

Table legend: (Time is in decaauts)
 A = Elapsed time spent in this place.
 B = Non-inter-level travel time spent in this place.
 C = Inter-level travel time spent in this place.
 D = Time resting spent in this place.
 E = Time spent auto-exploring this place.
 F = Levels seen in this place.
 G = Mean time per level.
                   A        B        C        D        E       F      G
               +--------+--------+--------+--------+--------+-----+--------+
         Total |   1005 |    956 |     49 |      0 |      0 |   4 |  251.2 |
       Dungeon |   1005 |    956 |     49 |      0 |      0 |   4 |  251.2 |
               +--------+--------+--------+--------+--------+-----+--------+

Top non-repeatable levels by time:
     D:1: 544 daAuts
     D:2: 409 daAuts
     D:3: 37 daAuts
     D:4: 14 daAuts
